 Dungeon Crawl Stone Soup version 0.30-a0-634-g8abc85282e (console) character file.

Game seed: 7530565605359631079

1138 meg the Magician (level 8, -2/58 HPs)
             Began as a Djinni Conjurer on Jan 13, 2023.
             Slain by Duvessa
             ... wielding a +0 rapier of protection
              (4 damage)
             ... on level 6 of the Dungeon on Jan 14, 2023.
             The game lasted 00:40:33 (5307 turns).

meg the Magician (Djinni Conjurer)                  Turns: 5307, Time: 00:40:33

Health: -2/58      AC:  2    Str:  6    XL:     8   Next: 63%
Gold:   372        EV: 12    Int: 23    God:
                   SH:  0    Dex: 11

rFire   + + .      SeeInvis .    c - +1 dagger (drain)
rCold   x . .      Faith    .    (no shield)
rNeg    . . .      Spirit   .    a - +0 robe
rPois   ∞          Reflect  .    (no helmet)
rElec   .          Harm     .    (no cloak)
rCorr   +          Rampage  .    (no gloves)
Will    .....                    (boots unavailable)
Stlth   ++                       (no amulet)
HPRegen 0.29/turn                D - ring of resist corrosion
MPRegen 0.00/turn                (no ring)

@: flying
A: sickness immunity, fire resistance 2, cold vulnerability 1, float, innate
caster, HP casting, extra vitality 1
a: no special abilities


You were on level 6 of the Dungeon.
You visited 1 branch of the dungeon, and saw 6 of its levels.
You also visited: Sewer.

You collected 372 gold pieces.

Inventory:

Hand Weapons
 c - a +1 dagger of draining (weapon)
 o - a +3 mace of protection
Missiles
 d - 6 datura-tipped darts
 n - 9 atropa-tipped darts
 F - a throwing net
Armour
 a - a +0 robe (worn)
 k - a +0 ring mail
 m - the +7 Kryia's mail coat {PotionHeal*2 rC+}
   (You found it on level 2 of the Dungeon)

   PotionHeal*2: Potions heal its wearer twice as much.
   rC:        It protects you from cold.
 u - a +2 ring mail of poison resistance
Magical Staves
 r - a staff of cold
 E - a staff of cold
Jewellery
 D - a ring of resist corrosion (left hand)
Wands
 j - a wand of paralysis (3)
 t - a wand of digging (5)
 C - a wand of mindburst (28)
Scrolls
 f - 7 scrolls of teleportation
 i - a scroll of enchant armour {unknown}
 p - a scroll of blinking {unknown}
 q - a scroll of poison {unknown}
 y - a scroll of vulnerability {unknown}
 z - a scroll of identify
 A - a scroll of magic mapping {unknown}
 B - a scroll of butterflies {unknown}
Potions
 b - 4 potions of magic
 e - 4 potions of curing
 g - 2 potions of flight
 h - a potion of cancellation
 l - a potion of attraction
 s - a potion of brilliance
 v - 3 potions of haste {unknown}
 w - a potion of resistance {unknown}
 x - 2 potions of mutation {unknown}
 G - a potion of might {unknown}


   Skills:
 + Level 3.9 Fighting
 + Level 5.2 Armour
 - Level 2.1 Dodging
 - Level 1.5 Stealth
 + Level 6.1 Spellcasting


You couldn't memorise any spells.
You knew the following spells:

 Your Spells              Type           Power      Damage    Failure   Level
a - Magic Dart            Conj           100%       1d8       1%          1
b - Searing Ray           Conj           70%        2d7       1%          2
c - Dazzling Flash        Conj/Hex       70%        N/A       1%          3
d - Fulminant Prism       Conj/Hex       17%        3d10      7%          4
e - Iskenderun's Mystic   Conj/Tloc      35%        2d8       7%          4
f - Sting                 Tmut/Pois      100%       1d8       1%          1
g - Ensorcelled Hibernat  Hex/Ice        70%        N/A       1%          2
h - Swiftness             Air            35%        N/A       1%          3
Your spell library was empty.

Dungeon Overview and Level Annotations

Branches:
Dungeon (6/15)              Sewer (visited)
 Temple: D:4-7

Altars:
Cheibriados
Fedhas
Trog
Xom
Zin

Annotations:
D:2 1 runed translucent door, Crazy Yiuf
D:6 Duvessa


Innate Abilities, Weirdness & Mutations

You are immune to sickness and miasma.
You are immune to poison.
Your flesh is very heat resistant. (rF++)
You are vulnerable to cold. (rC-)
You float through the air rather than walking.
You learn spells naturally, not from books.
Your magical power is your life essence.
You have superior vitality. (+4 MHP)


Message History

The searing ray hits Dowan!
Dowan is severely wounded.
Duvessa hits you but does no damage.
The searing ray hits Duvessa.
Duvessa is heavily wounded.
The searing ray misses Dowan.
Duvessa hits you with a +0 rapier of protection.
Dowan points at Duvessa and mumbles some strange words.
Duvessa seems to speed up.
The searing ray hits Duvessa.
Duvessa is severely wounded.
The searing ray misses Dowan.
You finish channelling your searing ray.
Casting: Searing Ray (safe; 1% risk of failure)
Confirm with . or Enter, or press ? or * to list all spells.
Aiming: Searing Ray (safe; 1% risk of failure)
Press: ? - help, Shift-Dir - straight line, f/p - Dowan
Aim: Dowan, wielding a +0 dagger and wearing a +0 robe (severely wounded, 73% to hit)
The searing ray hits Duvessa!
Duvessa is almost dead.
The searing ray hits Dowan!
You kill Dowan!
Duvessa screams in rage.
Duvessa goes berserk! (Press . to maintain the ray.) Duvessa hits you with a +0 rapier of protection!
Duvessa misses you.
The searing ray misses Duvessa.
Duvessa hits you with a +0 rapier of protection!
* * * LOW HITPOINT WARNING * * *
The searing ray hits Duvessa but does no damage.
Duvessa is almost dead.
* * * LOW HITPOINT WARNING * * *
Duvessa closely misses you. Duvessa barely misses you.
The searing ray hits Duvessa!
Duvessa is almost dead.
* * * LOW HITPOINT WARNING * * *
You finish channelling your searing ray.
Duvessa hits you with a +0 rapier of protection.
You die...

##...#..........#
##.#######.#####
### #.# #.# ##
###.###### #.#
#........# #.#
#.#.####.#
#.##.#.####. ##
#.#.#.....< #.#
##.....# #.##
##@#.....#
######.###e##....##
#.......#)###.#.##
#.##.....## #.....
#.###.# ###.###
##.###.# +#
#.#.##e# ...
##.###.# ....
#..##.# .....
#.##...#.##......
#.........+...e..


You could see Duvessa (berserk, fast).

Vanquished Creatures
  An ice beast (D:5)
  An ogre (D:5)
  A phantom (D:6)
  Blork the orc (D:5)
  A necrophage (D:5)
  2 bullfrogs (Sewer)
  A scorpion (D:5)
  Dowan (D:6)
  2 gnoll boudas
  Terence (D:2)
  2 iguanas
  An orc wizard (D:4)
  13 gnolls
  12 adders
  A white imp (D:5)
  3 worms
  A dart slug (D:2)
  4 orcs
  3 bats
  14 endoplasms
  9 giant cockroaches
  3 goblins
  11 hobgoblins
  2 jackals (D:4)
  10 quokkas
  14 ball pythons
  9 frilled lizards
  4 kobolds
  2 rats (D:2)
130 creatures vanquished.

Vanquished Creatures (others)
  2 fulminant prisms (D:6)
  A fungus (D:2)
3 creatures vanquished.

Grand Total: 133 creatures vanquished

Notes
Turn   | Place    | Note
-------+----------+-------------------------------------------
     0 | D:1      | meg the Djinni Conjurer began the quest for the Orb.
     0 | D:1      | meg set off with the following spells memorised: Magic
                  | Dart, Searing Ray, Dazzling Flash, Fulminant Prism,
                  | Iskenderun's Mystic Blast.
     0 | D:1      | Reached XP level 1. HP: 15/15 MP: 0/0
   301 | D:1      | Reached XP level 2. HP: 19/21 MP: 0/0
   494 | D:2      | Noticed Terence
   503 | D:2      | Killed Terence
   504 | D:2      | Reached skill level 4 in Spellcasting
   504 | D:2      | Reached XP level 3. HP: 19/25 MP: 0/0
   504 | D:2      | Learned a level 1 spell: Sting
   775 | D:2      | Reached XP level 4. HP: 29/31 MP: 0/0
   871 | D:2      | Found a faded altar of an unknown god.
   997 | D:2      | Found a runed translucent door.
   998 | D:2      | Noticed Crazy Yiuf
  1305 | D:2      | Found the +7 Kryia's mail coat {PotionHeal*2 rC+}
  1778 | D:3      | Reached skill level 1 in Armour
  1778 | D:3      | Reached XP level 5. HP: 31/35 MP: 0/0
  1778 | D:3      | Learned a level 2 spell: Ensorcelled Hibernation
  2178 | D:3      | Found a snail-covered altar of Cheibriados.
  2966 | D:4      | Reached XP level 6. HP: 8/40 MP: 0/0
  3100 | D:4      | Reached skill level 5 in Spellcasting
  3315 | D:4      | Found a shimmering altar of Xom.
  3617 | D:4      | Found a blossoming altar of Fedhas.
  3648 | D:5      | Entered Level 5 of the Dungeon
  3879 | D:5      | Noticed an ice beast
  3928 | D:5      | Found a glowing silver altar of Zin.
  3989 | D:5      | Noticed an ogre
  4153 | D:5      | Reached skill level 1 in Fighting
  4153 | D:5      | Reached XP level 7. HP: 37/47 MP: 0/0
  4153 | D:5      | Learned a level 3 spell: Swiftness
  4191 | D:5      | Found a glowing drain.
  4202 | Sewer    | Entered a sewer
  4684 | D:5      | Noticed Blork the orc
  4691 | D:5      | Killed Blork the orc
  4692 | D:5      | Reached XP level 8. HP: 50/55 MP: 0/0
  4983 | D:6      | Reached skill level 6 in Spellcasting
  4995 | D:6      | Upgraded the game from 0.30-a0-630-g881e3bac89 to
                  | 0.30-a0-634-g8abc85282e
  5083 | D:6      | Found a bloodstained altar of Trog.
  5155 | D:6      | Reached skill level 5 in Armour
  5279 | D:6      | Noticed Duvessa
  5279 | D:6      | Noticed Dowan
  5304 | D:6      | Killed Dowan
  5307 | D:6      | Slain by Duvessa

Illustrated notes

Levels and vault maps discovered:
D:1:      dpeg_arrival_simpleton_b, layout_rooms
D:2:      layout_loops_ring, ebering_ecumenical_altar_mist,
          uniq_crazy_yiuf_cottage, uniq_terence
D:3:      layout_loops_corners, general_overflow_altar, fiery_altar_vehumet
D:4:      layout_rooms, nicolae_overflow_crystal_walls, fedhas_altar_4
D:5:      layout_rooms, mainiacjoe_overflow_boulevard, portal_sewer_entry_d,
          uniq_blork_the_orc
D:6:      layout_loops_corners, nicolae_qazlal_general_emergency,
          mainiacjoe_overflow_brackets, trog_antimagical, uniq_duvessa

Skill      XL: |  1  2  3  4  5  6  7  8 |
---------------+-------------------------+-----
Spellcasting   | 4 5 6 |  6.1
Armour         | 1 2 3 4 5 |  5.2
Fighting       | 1 2 3 |  3.9
Dodging        | |  2.1
Stealth        | |  1.5

Action                   |  1- 3 |  4- 6 |  7- 9 || total
-------------------------+-------+-------+-------++-------
Melee: Dagger            |       |     1 |       ||     1
 Cast: Magic Dart        |    37 |    87 |    73 ||   197
       Searing Ray       |     3 |    28 |    22 ||    53
       Swiftness         |       |       |     1 ||     1
       Ensorcelled Hiber |       |       |     2 ||     2
       Fulminant Prism   |       |       |     2 ||     2
  Use: Scroll            |       |     6 |       ||     6
Armor: Robe              |       |     3 |     6 ||     9
Dodge: Dodged            |     1 |    22 |    22 ||    45

Table legend: (Time is in decaauts)
 A = Elapsed time spent in this place.
 B = Non-inter-level travel time spent in this place.
 C = Inter-level travel time spent in this place.
 D = Time resting spent in this place.
 E = Time spent auto-exploring this place.
 F = Levels seen in this place.
 G = Mean time per level.
                   A        B        C        D        E       F      G
               +--------+--------+--------+--------+--------+-----+--------+
         Total |   5308 |   5048 |    260 |    557 |   3095 |   7 |  758.3 |
       Dungeon |   4872 |   4612 |    260 |    477 |   2997 |   6 |  812.0 |
         Sewer |    435 |    435 |      0 |     80 |     98 |   1 |  435.0 |
               +--------+--------+--------+--------+--------+-----+--------+

Top non-repeatable levels by time:
     D:3: 1351 daAuts
     D:2: 1077 daAuts
     D:4: 861 daAuts
     D:5: 735 daAuts
     D:1: 485 daAuts
   Sewer: 435 daAuts
     D:6: 361 daAuts
